 Dungeon Crawl Stone Soup version 0.20.1-1-g8b1a95d (webtiles) character file.

44031 wolfsongas the Bludgeoner (level 13, -1/135 HPs)
             Began as a Troll Fighter on Aug 3, 2017.
             Was the Champion of Okawaru.
             Slain by a death yak (28 damage)
             ... on level 6 of the Lair of Beasts.
             The game lasted 00:50:25 (15150 turns).

wolfsongas the Bludgeoner (Troll Fighter)          Turns: 15150, Time: 00:50:25

Health: -1/135     AC: 11    Str: 29    XL:     13   Next: 94%
Magic:  11/12      EV: 21    Int:  4    God:    Okawaru [******]
Gold:   1530       SH:  0    Dex: 17    Spells: 12/12 levels left

rFire    + . .     SeeInvis .   i - +7 giant club
rCold    + + +     Gourm    +   (shield currently unavailable)
rNeg     . . .     Faith    .   F - +2 robe {rC+ rF+}
rPois    +         Spirit   .   M - +0 hat "Itenaz" {*Corrode rC++}
rElec    .         Reflect  .   d - +1 cloak
rCorr    .         Harm     .   (gloves unavailable)
MR       +....                  (boots unavailable)
Stlth    ++++......             p - amulet of regeneration
Regen    1.2/turn               o - ring of protection from magic
MPRegen  0.2/turn               B - ring of poison resistance

@: about to teleport, heroism
A: unfitting armour, claws 3, icy blue scales 1, thin skeletal structure 1,
agile 1, fast metabolism 3, gourmand, regeneration 1, shaggy fur 1, strong 1,
tough skin 2
a: Heroism, Finesse, Renounce Religion


You were on level 6 of the Lair of Beasts.
You worshipped Okawaru.
Okawaru was exalted by your worship.
You were hungry.

You visited 3 branches of the dungeon, and saw 20 of its levels.

You collected 1530 gold pieces.

Inventory:

Hand Weapons
 f - a +4 giant spiked club
 i - a +7 giant club (weapon)
Missiles
 e - 6 large rocks (quivered)
Armour
 d - a +1 cloak (worn)
 F - a +2 robe of resistance (worn)
 M - the +0 hat "Itenaz" (worn) {*Corrode rC++}
   (Okawaru gifted it to you on level 2 of the Lair of Beasts)

   It greatly protects you from cold.
   It may corrode you when you take damage.
Jewellery
 l - an uncursed amulet of guardian spirit
 m - a +1 ring of evasion
 o - a ring of protection from magic (left claw)
 p - an amulet of regeneration (around neck)
 A - a +3 ring of dexterity
 B - a ring of poison resistance (right claw)
 L - an uncursed ring of protection from fire
Wands
 a - a wand of flame (1/48)
 c - a wand of lightning (5/15)
 r - a wand of flame (23/48)
 y - a wand of digging (0/24)
 K - a wand of paralysis (16/24)
Scrolls
 b - a scroll of amnesia
 g - a scroll of magic mapping
 h - 7 scrolls of teleportation
 j - a scroll of fog
 u - 4 scrolls of recharging
 v - 6 scrolls of remove curse
 J - a scroll of identify
Potions
 k - a potion of might
 q - 2 potions of cancellation
 s - a potion of berserk rage
 t - 3 potions of agility
 w - a potion of brilliance
 x - 2 potions of magic
 z - 6 potions of curing
 C - a potion of haste
 D - 4 potions of mutation
 E - 3 potions of flight
 I - a potion of resistance {unknown}
Comestibles
 n - 3 meat rations
 G - 17 fruits
 H - a bread ration


   Skills:
 * Level 10.5(15.5) Fighting
 + Level 15.6(20.6) Maces & Flails
 + Level 10.4(15.4) Dodging
   Level 2.4(7.4) Shields


You had 12 spell levels left.
You didn't know any spells.

Dungeon Overview and Level Annotations

Branches:
Dungeon (13/15)            Temple (1/1) D:4            Lair (6/6) D:10
  Swamp (0/4) Lair:3       Spider (0/4) Lair:4          Orc (0/2) D:9
 Vaults (0/5) D:13
  Slime: Lair:5-6

Altars:
Ashenzari
Cheibriados
Dithmenos
Elyvilon
Fedhas
Gozag
Hepliaklqana
Kikubaaqudgha
Makhleb
Nemelex Xobeh
Okawaru
Qazlal
Ru
Sif Muna
Trog
Uskayaw
Vehumet
Xom
Yredelemnul
Zin
The Shining One

Shops:
D:4 :   D:6 *

Annotations:
D:4 1 runed door
D:10 exclusion: ice statue
D:13 Maurice, Rupert, Urug


Innate Abilities, Weirdness & Mutations

You are too large for most types of armour.
You have claws for hands.
Your metabolism is lightning-fast.
You like to eat raw meat.
Your natural rate of healing is unusually fast.
You are covered in fur. (AC +1)
You have very tough skin. (AC +2)
You are partially covered in icy blue scales. (AC +2)
You have a somewhat thin skeletal structure. (Dex +2, Stealth)
You are agile. (Dex +2)
Your muscles are strong. (Str +2)


Message History

You hear an angry hiss.
The death yak gores you! The death yak misses you.
You sock the death yak!
The death yak is severely wounded.
The death yak gores you!
You hit the death yak.
The death yak is almost dead.
The death yak barely misses you.
You sock the death yak!
The death yak is almost dead.
The death yak gores you!
* * * LOW HITPOINT WARNING * * *
The death yak gores you!
* * * LOW HITPOINT WARNING * * *
A basilisk comes into view.
Okay, then.
As you read the scroll of teleportation, it crumbles to dust.
You feel strangely unstable. The death yak misses you.
The death yak gores you!!
You die...

##.............
#.......#.P.....
................ ##
#............... ##..
.............. #...
#.........l.. #....
####P†......... .....#
###.#...@Y..$.P#.
....#.###........Y.......
.....................###.
....#......####.......#
........P.##.##..P...##
#P...#.P..#.......$....#
#...PP..................#
#.....................<.#
##.......##............##


You could see 2 death yaks and a basilisk.

Vanquished Creatures
  Gastronok (Lair:2)
  2 hydras
  The ghost of maximusg the Severer, a journeyman MiBe of Trog (Lair:1)
  Erica (D:8)
  A catoblepas (Lair:3)
  6 two-headed ogres
  2 death yaks (Lair:6)
  Sonja (Lair:1)
  The ghost of Vylera the Slicer, a journeyman VSAs of Nemelex Xobeh (Lair:1)
  The ghost of morik the Grappler, a novice DrTm of Ru (D:8)
  3 skeletal warriors (D:11)
  An ugly thing (D:12)
  Pikel (D:5)
  A cyclops (D:12)
  2 oklob plants (Lair:1)
  14 elephants
  Joseph (D:7)
  A centaur zombie (D:12)
  The ghost of rozman the Ruffian, a novice TrEE of Qazlal (D:6)
  3 black mambas
  5 spiny frogs
  A centaur skeleton (D:12)
  A gargoyle (D:12)
  3 rime drakes
  5 komodo dragons
  3 trolls
  A hornet (D:12)
  10 hippogriffs
  Prince Ribbit (D:6)
  6 blink frogs
  6 slime creatures
  A vampire (D:11)
  2 redbacks (Lair:4)
  A spriggan (Lair:2)
  14 yaks
  Eustachio (D:5)
  2 basilisks (Lair:2)
  2 hungry ghosts
  Menkaure (D:4)
  11 water moccasins
  The ghost of rhinious the Digger, an amateur GrEE (D:3)
  8 porcupines
  Duvessa (D:5)
  7 sky beasts
  2 black bears
  4 orc warriors
  A phantom (D:5)
  A slave (D:5)
  9 ice beasts (D:10)
  3 ogres
  6 wolves (Lair:5)
  An eye of draining (D:10)
  6 centaurs
  7 crocodiles
  13 bullfrogs
  Dowan (D:5)
  A wyvern skeleton (D:6)
  2 scorpions
  11 killer bees
  18 wights
  3 electric eels
  A crimson imp (D:12)
  A bullfrog zombie (D:10)
  3 jellies
  8 orc priests
  5 hounds
  4 orc wizards
  3 iguanas
  2 bullfrog skeletons
  2 worker ants
  Ijyb (D:5)
  2 hound skeletons
  A worker ant zombie (D:11)
  3 gnolls (D:3)
  11 adders
  A shadow imp (D:6)
  An ooze (D:2)
  A worm (D:4)
  2 dart slugs
  13 leopard geckos
  33 orcs
  4 bats
  A giant cockroach (D:1)
  9 goblins
  7 hobgoblins
  16 jackals
  4 quokkas
  2 ball pythons
  A frilled lizard (D:4)
  8 kobolds
  A quokka skeleton (D:5)
  8 rats
  A plant (Lair:1)
388 creatures vanquished.

Vanquished Creatures (others)
  A wizard (D:12)
  An orc (D:5)
  A rat (D:3)
3 creatures vanquished.

Grand Total: 391 creatures vanquished

Notes
Turn   | Place    | Note
-------+----------+-------------------------------------------
     0 | D:1      | wolfsongas the Troll Fighter began the quest for the Orb.
     0 | D:1      | Reached XP level 1. HP: 22/22 MP: 0/0
    43 | D:1      | Reached skill level 2 in Maces & Flails
   115 | D:1      | Reached XP level 2. HP: 26/29 MP: 1/1
   338 | D:1      | Reached skill level 3 in Maces & Flails
   528 | D:1      | Reached XP level 3. HP: 33/36 MP: 2/2
  1073 | D:2      | Reached skill level 4 in Maces & Flails
  1073 | D:2      | Reached XP level 4. HP: 44/44 MP: 3/3
  1209 | D:2      | Found a sacrificial altar of Ru.
  1532 | D:3      | Noticed rhinious's ghost (amateur GrEE)
  1566 | D:3      | Killed rhinious's ghost
  1566 | D:3      | Reached skill level 5 in Maces & Flails
  1566 | D:3      | Reached XP level 5. HP: 20/50 MP: 4/4
  1778 | D:3      | Reached XP level 6. HP: 53/59 MP: 5/5
  1819 | D:3      | Found a deep blue altar of Sif Muna.
  1843 | D:3      | Found a bloodstained altar of Trog.
  1848 | D:3      | Found an ancient bone altar of Kikubaaqudgha.
  1853 | D:3      | Found a shimmering altar of Xom.
  2097 | D:4      | Reached skill level 6 in Maces & Flails
  2185 | D:4      | Found a glowing silver altar of Zin.
  2185 | D:4      | Found a runed door.
  2185 | D:4      | Noticed an angel
  2293 | D:4      | Found a staircase to the Ecumenical Temple.
  2300 | D:4      | Found a shadowy altar of Dithmenos.
  2361 | Temple   | Entered the Ecumenical Temple
  2519 | Temple   | Became a worshipper of Warmaster Okawaru
  2828 | D:4      | Noticed Menkaure
  2830 | D:4      | Killed Menkaure
  2830 | D:4      | Reached XP level 7. HP: 66/66 MP: 6/6
  2984 | D:4      | Found Nypnutt's Book Shop.
  3088 | D:5      | Entered Level 5 of the Dungeon
  3135 | D:5      | Found a burning altar of Makhleb.
  3138 | D:5      | Noticed Ijyb
  3153 | D:5      | Killed Ijyb
  3172 | D:5      | Reached * piety under Okawaru
  3172 | D:5      | Reached skill level 7 in Maces & Flails
  3245 | D:5      | Noticed Pikel
  3264 | D:5      | Killed Pikel
  3264 | D:5      | Reached ** piety under Okawaru
  3264 | D:5      | Reached XP level 8. HP: 70/78 MP: 5/7
  3306 | D:5      | Noticed Duvessa
  3312 | D:5      | Killed Duvessa
  3322 | D:5      | Noticed Dowan
  3327 | D:5      | Killed Dowan
  3327 | D:5      | Reached skill level 8 in Maces & Flails
  3475 | D:5      | Noticed Eustachio
  3478 | D:5      | Killed Eustachio
  3861 | D:6      | Found Keoqoz's General Store.
  3903 | D:6      | Noticed rozman's ghost (novice TrEE)
  3915 | D:6      | Killed rozman's ghost
  4015 | D:6      | Reached *** piety under Okawaru
  4015 | D:6      | Reached XP level 9. HP: 58/85 MP: 5/8
  4168 | D:6      | Noticed Prince Ribbit
  4171 | D:6      | Killed Prince Ribbit
  4171 | D:6      | Reached skill level 9 in Maces & Flails
  4466 | D:7      | Reached skill level 5 in Dodging
  4480 | D:7      | Found a basalt altar of Yredelemnul.
  4483 | D:7      | Noticed Joseph
  4493 | D:7      | Killed Joseph
  4493 | D:7      | Reached skill level 5 in Fighting
  4600 | D:7      | Gained mutation: Your system is resistant to poisons. (rPois) [potion of mutation]
  4600 | D:7      | Gained mutation: Your body sometimes deteriorates upon taking damage. [potion of mutation]
  4600 | D:7      | Gained mutation: You are partially covered in icy blue scales. (AC +2) [potion of mutation]
  4600 | D:7      | Gained mutation: You have a somewhat thin skeletal structure. (Dex +2, Stealth) [potion of mutation]
  5062 | D:8      | Gained mutation: You are weak. (Str -2) [mutagenic meat]
  5063 | D:8      | Lost mutation: Your system is resistant to poisons. (rPois) [potion of mutation]
  5063 | D:8      | Lost mutation: You are weak. (Str -2) [potion of mutation]
  5063 | D:8      | Lost mutation: Your body sometimes deteriorates upon taking damage. [potion of mutation]
  5063 | D:8      | Gained mutation: You are agile. (Dex +2) [potion of mutation]
  5063 | D:8      | Gained mutation: Your muscles are strong. (Str +2) [potion of mutation]
  5280 | D:8      | Noticed Erica
  5286 | D:8      | Killed Erica
  5286 | D:8      | Reached skill level 10 in Maces & Flails
  5502 | D:8      | Reached XP level 10. HP: 96/98 MP: 9/9
  5671 | D:8      | Noticed a two-headed ogre
  5685 | D:8      | Killed a two-headed ogre
  5685 | D:8      | Reached **** piety under Okawaru
  5755 | D:8      | Noticed a two-headed ogre
  5763 | D:8      | Killed a two-headed ogre
  5763 | D:8      | Reached skill level 11 in Maces & Flails
  5869 | D:8      | Noticed morik's ghost (novice DrTm)
  5878 | D:8      | Killed morik's ghost
  6011 | D:8      | Found a shattered altar of Ashenzari.
  6516 | D:9      | Found a staircase to the Orcish Mines.
  6598 | D:9      | Reached ***** piety under Okawaru
  6713 | D:9      | Noticed a two-headed ogre
  6721 | D:9      | Killed a two-headed ogre
  6724 | D:9      | Reached XP level 11. HP: 71/109 MP: 5/10
  7114 | D:10     | Entered Level 10 of the Dungeon
  7139 | D:10     | Reached skill level 12 in Maces & Flails
  8001 | D:10     | Received a gift from Okawaru
  8069 | D:10     | Found a staircase to the Lair.
  8308 | D:11     | Noticed a skeletal warrior
  8310 | D:11     | Noticed a skeletal warrior
  8320 | D:11     | Killed a skeletal warrior
  8320 | D:11     | Reached ****** piety under Okawaru
  8331 | D:11     | Noticed a skeletal warrior
  8338 | D:11     | Killed a skeletal warrior
  8342 | D:11     | Killed a skeletal warrior
  8482 | D:11     | Noticed a two-headed ogre
  8488 | D:11     | Killed a two-headed ogre
  8488 | D:11     | Reached skill level 13 in Maces & Flails
  8940 | D:12     | Received a gift from Okawaru
  9242 | D:12     | Reached XP level 12. HP: 75/119 MP: 5/11
  9347 | D:12     | Got an iridescent long sword
  9348 | D:12     | Identified the +4 long sword "Zyinlet" {slice, rElec rF+ Str+4} (You found it on level 12 of the Dungeon)
  9452 | D:12     | Paralysed by a hornet for 1 turns
  9702 | D:12     | Noticed a two-headed ogre
  9708 | D:12     | Killed a two-headed ogre
  9834 | D:12     | Noticed a two-headed ogre
  9843 | D:12     | Killed a two-headed ogre
  9988 | D:12     | Found a bloodstained altar of Trog.
 10203 | D:13     | Found a gate to the Vaults.
 10203 | D:13     | Noticed a centaur warrior
 10203 | D:13     | Noticed Rupert
 10203 | D:13     | Noticed Urug
 10203 | D:13     | Noticed Maurice
 10290 | Lair:1   | Entered Level 1 of the Lair of Beasts
 10388 | Lair:1   | Noticed Vylera's ghost (journeyman VSAs)
 10394 | Lair:1   | Killed Vylera's ghost
 10394 | Lair:1   | Reached skill level 14 in Maces & Flails
 10433 | Lair:1   | Noticed maximusg's ghost (journeyman MiBe)
 10446 | Lair:1   | Killed maximusg's ghost
 10740 | Lair:1   | Noticed Sonja
 10757 | Lair:1   | HP: 2/123 [acid (13)]
 10758 | Lair:1   | Killed Sonja
 11779 | Lair:2   | Noticed Gastronok
 11797 | Lair:2   | Killed Gastronok
 11797 | Lair:2   | Received a gift from Okawaru
 11797 | Lair:2   | Reached XP level 13. HP: 118/131 MP: 9/12
 11805 | Lair:2   | Got a pitted hat {god gift}
 11819 | Lair:2   | Identified the +0 hat "Itenaz" {*Corrode rC++} (Okawaru gifted it to you on level 2 of the Lair of Beasts)
 12803 | Lair:3   | Found a staircase to the Swamp.
 12968 | Lair:3   | Reached skill level 15 in Maces & Flails
 13801 | Lair:4   | Found a hole to the Spider Nest.
 13808 | Lair:4   | Reached skill level 10 in Dodging
 14065 | Lair:5   | Reached skill level 10 in Fighting
 14073 | Lair:5   | Received a gift from Okawaru
 14325 | Lair:5   | Got a twisted battleaxe
 14326 | Lair:5   | Identified the +8 battleaxe of Nyodaq {chop, rC+ Stlth+} (You found it on level 5 of the Lair of Beasts)
 15047 | Lair:6   | Entered Level 6 of the Lair of Beasts
 15150 | Lair:6   | Slain by a death yak

Skill      XL: |  1  2  3  4  5  6  7  8  9 10 11 12 13 |
---------------+----------------------------------------+-----
Maces & Flails | 2 3 4 5 6 7 8 10 11 13 14 15 | 15.6
Fighting       | 3 4 5 7 8 9 10 | 10.5
Dodging        | 3 4 5 7 8 9 10 | 10.4
Shields        | |  2.4

Action                   |  1- 3 |  4- 6 |  7- 9 | 10-12 | 13-15 || total
-------------------------+-------+-------+-------+-------+-------++-------
Melee: Flail             |   131 |   130 |       |       |       ||   261
       Giant club        |       |     1 |   160 |   526 |   255 ||   942
Throw: Large rock        |       |     6 |     8 |    12 |       ||    26
Invok: Heroism           |       |       |     4 |    12 |     5 ||    21
       Finesse           |       |       |       |     1 |     2 ||     3
Evoke: Wand              |       |       |       |    29 |       ||    29
  Use: Scroll            |     7 |     6 |    11 |    10 |     9 ||    43
       Potion            |       |     1 |     5 |    16 |     1 ||    23
 Stab: Distracted        |     1 |       |       |       |     1 ||     2
       Sleeping          |       |       |     3 |     8 |     3 ||    14
  Eat: Bread ration      |     3 |     2 |     2 |     5 |     2 ||    14
       Meat ration       |       |     2 |     1 |     6 |     3 ||    12
       Royal jelly       |       |       |     1 |     3 |     3 ||     7
       Chunk             |       |       |     4 |     6 |       ||    10
Armor: Robe              |    60 |    43 |    63 |   142 |    62 ||   370
       Skin              |       |       |    33 |    27 |       ||    60
Dodge: Dodged            |    58 |    49 |    87 |   430 |   262 ||   886
Block: Shield            |    69 |    68 |       |       |       ||   137
